 Dungeon Crawl Stone Soup version 0.28.0 (webtiles) character file.

Game seed: 10362127042923880178

428 croobank the Firebug (level 6, -3/45 HPs)
             Began as a Demigod Fire Elementalist on Feb 11, 2022.
             Slain by a gnoll (6 damage)
             ... on level 5 of the Dungeon.
             The game lasted 00:12:30 (5549 turns).

croobank the Firebug (Demigod Fire Elementalist)    Turns: 5549, Time: 00:12:31

Health: -3/45      AC:  3    Str: 13    XL:     6   Next: 38%
Magic:  5/13       EV: 13    Int: 21    God:
Gold:   200        SH:  0    Dex: 14    Spells: 4/11 levels left

rFire   + . .      SeeInvis .   x - +2 trident (flame)
rCold   + . .      Faith    .   (no shield)
rNeg    . . .      Spirit   .   a - +0 robe
rPois   .          Reflect  .   n - +0 hat
rElec   .          Harm     .   r - scarf {rC+ rF+}
rCorr   .          Rampage  .   s - +0 pair of gloves
Will    .....                   (no boots)
Stlth   ++........              (no amulet)
HPRegen 0.15/turn               (no ring)
MPRegen 0.13/turn               (no ring)

@: no status effects
A: high MP 1, forlorn, divine attributes
a: no special abilities


You were on level 5 of the Dungeon.
You visited 1 branch of the dungeon, and saw 5 of its levels.

You collected 200 gold pieces.

Inventory:

Hand Weapons
 d - a +0 rapier
 g - a +0 dire flail
 x - a +2 trident of flaming (weapon)
Missiles
 c - 121 stones
 f - 10 bolts
 m - 61 sling bullets
 p - 5 poisoned darts
 w - 19 arrows
 y - a throwing net
Armour
 a - a +0 robe (worn)
 k - a +0 ring mail
 n - a +0 hat (worn)
 o - a +0 leather armour
 r - a scarf of resistance (worn)
 s - a +0 pair of gloves (worn)
Magical Staves
 b - a staff of cold
Wands
 j - a wand of mindburst (11)
 l - a wand of flame (19)
Scrolls
 e - a scroll of fear
 h - a scroll of magic mapping
 t - a scroll of fog {unknown}
 A - a scroll of teleportation
Potions
 i - a potion of flight
 q - 2 potions of degeneration {unknown}
 u - a potion of might {unknown}
 v - 2 potions of ambrosia
 z - a potion of heal wounds {unknown}


   Skills:
 + Level 3.2 Dodging
 + Level 3.5 Stealth
 + Level 3.0 Spellcasting
 + Level 2.7 Conjurations
 + Level 3.9 Fire Magic


You had 4 spell levels left.
You knew the following spells:

 Your Spells              Type           Power      Damage    Failure   Level
a - Foxfire               Conj/Fire      68%        2x1d7     3%          1
b - Scorch                Fire           38%        2d7       4%          2
c - Flame Wave            Conj/Fire      17%        2d6       32%         4

Your spell library contained the following spells:

 Spells                   Type           Power      Damage    Failure   Level
 Conjure Flame            Conj/Fire      17%        6-21      10%         3
 Static Discharge         Conj/Air       9%         N/A       12%         2
 Apportation              Tloc           6%         N/A       13%         1
 Inner Flame              Hex/Fire       11%        N/A       19%         3
 Portal Projectile        Hex/Tloc       6%         N/A       36%         3
 Lightning Bolt           Conj/Air       4%         1d16      91%         5
 Alistair's Intoxication  Tmut/Pois      2%         N/A       98%         5
 Blade Hands              Tmut           1%         N/A       98%         5
 Excruciating Wounds      Necr           1%         N/A       98%         5
 Maxwell's Capacitive Co  Air            1%         ∞         100%        8


Dungeon Overview and Level Annotations

Branches:
Dungeon (5/15)             Temple (0/1) D:4

Annotations:
D:3 Pargi


Innate Abilities, Weirdness & Mutations

You have an increased reservoir of magic. (+10% MP)
You shall have no god before yourself.
Your divine heritage dramatically boosts your attributes as you level up.


Message History

The gnoll shaman is severely wounded.
The gnoll shaman's fire resistance burns away.
You hear a shout!
Casting: Scorch (safe; 4% risk of failure)
Confirm with . or Enter, or press ? or * to list all spells.
Flames lash the gnoll shaman.
The gnoll shaman is burned terribly!
The gnoll shaman is almost dead.
A gnoll comes into view. It is wielding a +0 whip.
The gnoll shaman calls upon its god to speed up the gnoll.
The gnoll seems to speed up.
Casting: Scorch (safe; 4% risk of failure)
Confirm with . or Enter, or press ? or * to list all spells.
You conjure some foxfire!
The gnoll shaman utters an invocation to its god.
The gnoll shaman is healed somewhat.
The gnoll barely misses you.
The foxfire hits the gnoll shaman.
The gnoll shaman is severely wounded.
The foxfire hits the gnoll shaman but does no damage.
The gnoll shaman is severely wounded.
The gnoll hits you from afar with a +0 spear!
The gnoll barely misses you.
The gnoll hits you from afar with a +0 spear.
The gnoll shaman calls upon its god to speed up the gnoll.
The gnoll seems to speed up.
The gnoll shaman is no longer more vulnerable to fire.
The gnoll hits you with a +0 flail!
You puncture the gnoll! You burn the gnoll.
The gnoll is severely wounded.
The gnoll hits you with a +0 flail!
* * * LOW HITPOINT WARNING * * *
You closely miss the gnoll shaman.
The gnoll shaman is severely wounded.
The gnoll shaman calls upon its god to heal the gnoll.
The gnoll is healed somewhat.
You hit the gnoll shaman. You burn the gnoll shaman.
You kill the gnoll shaman!
The gnoll hits you with a +0 flail!
* * * LOW HITPOINT WARNING * * *
The gnoll hits you from afar with a +0 spear.
You die...

#.#..##.#.......###.
....
#.#.###.#...........
....
#.#.###.#.......#
....
#.......#.....).#
.###
###<#####.....g.###
# #.########g.....#
# ##......# #g####.#
#...###.# #g# . ..
#.....#.# #@#.# #
#...#.#.# #.#.##.#
##.##.#.###......#
#............####
##############


You could see 3 gnolls.

Vanquished Creatures
  A scorpion (D:4)
  An orc priest (D:5)
  A gnoll shaman (D:5)
  2 centaur skeletons (D:4)
  A hound (D:4)
  2 iguanas (D:4)
  8 gnolls
  4 adders (D:2)
  A worm (D:2)
  5 dart slugs
  4 orcs
  3 ball pythons
  5 bats
  7 endoplasms
  5 giant cockroaches
  6 hobgoblins
  4 jackals (D:1)
  6 quokkas
  5 frilled lizards
  5 goblins
  A kobold (D:2)
  7 rats
84 creatures vanquished.

Vanquished Creatures (collateral kills)
  A foxfire (D:4)
1 creature vanquished.

Vanquished Creatures (others)
  111 foxfires
111 creatures vanquished.

Grand Total: 196 creatures vanquished

Notes
Turn   | Place    | Note
-------+----------+-------------------------------------------
     0 | D:1      | croobank the Demigod Fire Elementalist began the quest for
                  | the Orb.
     0 | D:1      | Reached XP level 1. HP: 14/14 MP: 5/5
   204 | D:1      | Reached skill level 1 in Conjurations
   507 | D:1      | Reached XP level 2. HP: 18/20 MP: 7/7
   510 | D:1      | Learned a level 2 spell: Scorch
  1510 | D:2      | Reached XP level 3. HP: 26/26 MP: 4/8
  2765 | D:2      | Reached XP level 4. HP: 33/33 MP: 6/10
  2770 | D:2      | Learned a level 4 spell: Flame Wave
  3835 | D:3      | Noticed Pargi
  4068 | D:4      | Reached XP level 5. HP: 35/38 MP: 6/11
  4397 | D:4      | Found a staircase to the Ecumenical Temple.
  4769 | D:4      | Reached XP level 6. HP: 45/45 MP: 11/13
  5240 | D:5      | Entered Level 5 of the Dungeon
  5549 | D:5      | Slain by a gnoll

Illustrated notes

Levels and vault maps discovered:
D:1:      onia_arrival_pyramid, layout_loops_corners,
          shapermc_ecumenical_altar_hornbeckon
D:2:      layout_basic
D:3:      layout_loops_corners, nemelex_dance_club_becter,
          general_overflow_altar, chequers_arboretum, feat_on_display,
          uniq_pargi
D:4:      layout_gridville, nicolae_elyvilon_peaceful_grove,
          minmay_temple_entry_hall, columned_hall_lemuel,
          chequers_serial_rivers_micro_a
D:5:      layout_loops_cross, hangedman_feature_mirror, minmay_ruined_shrine

Skill      XL: |  1  2  3  4  5  6 |
---------------+-------------------+-----
Conjurations   | 1 2 |  2.7
Stealth        | 2 3 |  3.5
Dodging        | 2 3 |  3.2
Spellcasting   | 2 3 |  3.0
Fire Magic     | 3 |  3.9

Action                   |  1- 3 |  4- 6 || total
-------------------------+-------+-------++-------
Melee: Dire flail        |    34 |    21 ||    55
       Trident           |       |     7 ||     7
 Cast: Foxfire           |    36 |    29 ||    65
       Scorch            |    22 |    37 ||    59
Evoke: Wand              |       |     1 ||     1
  Use: Scroll            |     2 |     5 ||     7
 Stab: Sleeping          |     3 |     1 ||     4
Armor: Robe              |     7 |     9 ||    16
Dodge: Dodged            |    32 |    26 ||    58
